 Dungeon Crawl Stone Soup version 0.29-a0-866-g0545e20025 (webtiles) character file.

Game seed: 4462280811149418693

414 Malachi the Ruffian (level 6, -1/50 (59) HPs)
             Began as a Troll Monk on July 17, 2022.
             Slain by a wight
             ... wielding a +0 great sword
              (3 damage)
             ... on level 3 of the Dungeon.
             The game lasted 00:02:14 (1636 turns).

Malachi the Ruffian (Troll Monk)                    Turns: 1636, Time: 00:02:15

HP:   -1/50 (59)    AC:  5    Str: 28    XL:     6   Next: 60%
MP:   5/5           EV: 29    Int:  6    God:
Gold: 169           SH:  0    Dex: 12    Spells: 5/5 levels left

rFire   . . .      SeeInvis .     - Unarmed
rCold   . . .      Faith    .   (no shield)
rNeg    . . .      Spirit   .   a - +0 robe
rPois   .          Reflect  .   (helmet restricted)
rElec   .          Harm     .   v - +0 cloak
rCorr   .          Rampage  .   (gloves unavailable)
Will    .....                   (boots unavailable)
Stlth   ++........              m - amulet of the acrobat
HPRegen 0.96/turn               h - +4 ring of evasion
MPRegen 0.09/turn               r - +6 ring of strength

@: acrobatic, heavily drained
A: large, unfitting armour, claws 3, regeneration 1, shaggy fur 1, tough skin 1
a: no special abilities


You were on level 3 of the Dungeon.
You visited 1 branch of the dungeon, and saw 3 of its levels.

You collected 169 gold pieces.

Inventory:

Missiles
 u - 4 throwing nets (quivered)
Armour
 a - a +0 robe (worn)
 v - a +0 cloak (worn)
Jewellery
 g - a ring of poison resistance
 h - a +4 ring of evasion (left claw)
 m - an amulet of the acrobat (around neck)
 r - a +6 ring of strength (right claw)
Wands
 q - a wand of digging (5)
Scrolls
 c - a scroll of poison {unknown}
 d - 4 scrolls of identify {unknown}
 e - a scroll of silence {unknown}
 f - 2 scrolls of teleportation {unknown}
 i - a scroll of fog {unknown}
 n - a scroll of immolation {unknown}
 s - a scroll of fear {unknown}
 t - 2 scrolls of amnesia {unknown}
Potions
 b - a potion of ambrosia
 j - 2 potions of heal wounds {unknown}
 k - a potion of cancellation {unknown}
 l - a potion of lignification {unknown}
 o - a potion of might {unknown}
 p - a potion of mutation {unknown}
 w - a potion of degeneration {unknown}


   Skills:
 - Level 2.4 Fighting
 - Level 2.4 Dodging
 - Level 1.0 Stealth
 + Level 7.5 Unarmed Combat


You had 5 spell levels left.
You didn't know any spells.
Your spell library was empty.

Dungeon Overview and Level Annotations

Branches:
Dungeon (3/15)

Altars:


Innate Abilities, Weirdness & Mutations

You are too large for most types of armour.
You have claws for hands.
Your natural rate of healing is unusually fast.
You are covered in fur. (AC +1)
You have tough skin. (AC +1)


Message History

The wight completely misses you.
You scratch the wight.
The wight is lightly damaged.
The wight closely misses you. The wight hits you with a +4 scimitar.
The wight misses you.
You barely miss the wight.
The wight is lightly damaged.
The wight barely misses you. x2; The wight closely misses you.
You claw the wight!
The wight is almost destroyed.
You claw the wight!
You destroy the wight!
The wight misses you.
The wight hits you with a +0 great sword!
Your life force feels restored.
You scratch the wight.
The wight is lightly damaged.
The wight closely misses you.
The wight hits you with a +0 great sword.
You feel drained. The wight closely misses you.
You scratch the wight.
The wight is lightly damaged.
The wight closely misses you.
The wight hits you with a +0 great sword!!
You feel drained. The wight misses you.
You are too injured to fight recklessly!
You are too injured to fight recklessly!
You are too injured to fight recklessly!
You are too injured to fight recklessly!
The wight hits you with a +0 great sword!
* * * LOW HITPOINT WARNING * * *
You feel drained.
* * * LOW HITPOINT WARNING * * *
Okay, then.
The wight attacks as you move away! The wight completely misses you.
The wight attacks as you move away!
The wight hits you with a +0 great sword!
* * * LOW HITPOINT WARNING * * *
You feel drained.
You die...

#####...#######
#.......### ##########
#.##......# #.........
.......†.### #........
...........# #.....![.
..........### #.......#
#######.....#
#...?.).#######........#
###.z@....###....#.###
#...>.z.....###.........
##########..)...########
#.......# ######.## #...
#####


You could see 2 wights.

Vanquished Creatures
  Sigmund (D:2)
  A wight (D:3)
  2 adders (D:2)
  11 gnolls
  2 worms (D:2)
  7 orcs
  6 endoplasms (D:1)
  3 giant cockroaches
  4 goblins
  6 hobgoblins
  2 quokkas
  6 ball pythons
  4 bats
  5 frilled lizards
  9 kobolds
  6 rats
75 creatures vanquished.

Notes
Turn   | Place    | Note
-------+----------+-------------------------------------------
     0 | D:1      | Malachi the Troll Monk began the quest for the Orb.
     0 | D:1      | Reached XP level 1. HP: 22/22 MP: 0/0
   199 | D:1      | Reached XP level 2. HP: 29/29 MP: 1/1
   347 | D:1      | Reached skill level 4 in Unarmed Combat
   752 | D:2      | Reached XP level 3. HP: 36/36 MP: 2/2
   785 | D:2      | Identified the +0 pair of gloves of Mumblety Peg {Int+4}
   922 | D:2      | Noticed Sigmund
   934 | D:2      | Killed Sigmund
   935 | D:2      | Reached skill level 6 in Unarmed Combat
   935 | D:2      | Reached XP level 4. HP: 27/44 MP: 3/3
   935 | D:2      | Reached XP level 5. HP: 31/50 MP: 4/4
  1109 | D:2      | Found a faded altar of an unknown god.
  1258 | D:3      | Reached XP level 6. HP: 50/59 MP: 5/5
  1470 | D:3      | Reached skill level 7 in Unarmed Combat
  1636 | D:3      | HP: 2/52 [wight/+0 great sword (8)]
  1636 | D:3      | Slain by a wight

Illustrated notes

Levels and vault maps discovered:
D:1:      minmay_arrival_three_doors, layout_loops_ring, corner_web_ring
D:2:      layout_rooms, ebering_ecumenical_altar_box, uniq_sigmund
D:3:      layout_basic

Skill      XL: |  1  2  3  4  5  6 |
---------------+-------------------+-----
Unarmed Combat | 4 6 7 |  7.5
Fighting       | |  2.4
Dodging        | |  2.4
Stealth        | |  1.0

Action                   |  1- 3 |  4- 6 || total
-------------------------+-------+-------++-------
Melee: Unarmed           |    93 |    85 ||   178
       Punch             |     2 |     1 ||     3
 Stab: Sleeping          |     5 |       ||     5
Armor: Robe              |    23 |     6 ||    29
Dodge: Dodged            |    44 |    67 ||   111

Table legend: (Time is in decaauts)
 A = Elapsed time spent in this place.
 B = Non-inter-level travel time spent in this place.
 C = Inter-level travel time spent in this place.
 D = Time resting spent in this place.
 E = Time spent auto-exploring this place.
 F = Levels seen in this place.
 G = Mean time per level.
                   A        B        C        D        E       F      G
               +--------+--------+--------+--------+--------+-----+--------+
         Total |   1616 |   1508 |    108 |      0 |   1050 |   3 |  538.7 |
       Dungeon |   1616 |   1508 |    108 |      0 |   1050 |   3 |  538.7 |
               +--------+--------+--------+--------+--------+-----+--------+

Top non-repeatable levels by time:
     D:1: 743 daAuts
     D:2: 482 daAuts
     D:3: 391 daAuts
